 Dungeon Crawl Stone Soup version 0.22-a0-259-gdd11e71 (webtiles) character file.

111 JeffiDaFish the Gusty (level 4, 0/24 HPs)
             Began as a Tengu Air Elementalist on Mar 6, 2018.
             Killed by their own static electricity (3 damage)
             ... on level 3 of the Dungeon.
             The game lasted 00:06:44 (2412 turns).

JeffiDaFish the Gusty (Tengu Air Elementalist)      Turns: 2412, Time: 00:06:45

Health: 0/24       AC:  2    Str:  8    XL:     4   Next: 92%
Magic:  0/9        EV: 13    Int: 16    God:
Gold:   141        SH:  0    Dex: 15    Spells: 1/9 levels left

rFire    . . .     SeeInvis .   e - +1 short sword
rCold    . . .     Gourm    .   (no shield)
rNeg     . . .     Faith    .   a - +0 robe
rPois    .         Spirit   .   (helmet restricted)
rElec    .         Reflect  .   (no cloak)
rCorr    .         Harm     .   (no gloves)
MR       .....                  (boots unavailable)
Stlth    ++........             (no amulet)
HPRegen  0.08/turn              (no ring)
MPRegen  0.11/turn              (no ring)

@: no status effects
A: beak, talons 3
a: no special abilities


You were on level 3 of the Dungeon.
You were not hungry.

You visited 1 branch of the dungeon, and saw 3 of its levels.

You collected 141 gold pieces.

Inventory:

Hand Weapons
 e - a +1 short sword (weapon)
Armour
 a - a +0 robe (worn)
Scrolls
 d - 2 scrolls of remove curse
Comestibles
 b - 4 chunks of flesh
 c - 4 rations


   Skills:
 - Level 2.1 Dodging
 - Level 2.0 Stealth
 * Level 3.2 Spellcasting
 + Level 3.2 Conjurations
 * Level 5.2 Air Magic


You had one spell level left.
You knew the following spells:

 Your Spells              Type           Power        Failure   Level  Hunger
a - Shock                 Conj/Air       ###.         3%          1    None
b - Static Discharge      Conj/Air       ###.....     10%         3    ###....
c - Airstrike             Air            ###.......   21%         4    ####...


Dungeon Overview and Level Annotations

Branches:
Dungeon (3/15)

Altars:
Sif Muna
Trog


Innate Abilities, Weirdness & Mutations

You have a beak for a mouth.
You have claws for feet.


Message History

You barely miss Terence.
Terence is almost dead.
Terence hits you with a short sword.
You barely miss Terence. You claw Terence.
Terence is almost dead.
Terence hits you with a short sword.
You hit Terence but do no damage.
Terence is almost dead.
Terence hits you with a short sword.
* * * LOW HITPOINT WARNING * * *
You see here 11 stones.
There is an open door here.
You open the door. Terence hits you with a short sword.
* * * LOW HITPOINT WARNING * * *
Casting: Shock (safe; 3% risk of failure)
Confirm with . or Enter, or press ? or * to list all spells.
Terence is struck by lightning.
You kill Terence!
The lightning arcs!
You are struck by lightning.
You die...

#.# ##...## #.###
##.....## #.#.##
##.......##
#....####.........#
#.......'...<.....+
#....####.........#
#.#.## ##.......##
####.#####
##..)..##
.........# ##.@.##
.###.###.# ##'##
#.###.# #.#
.###.....# #.#
.........# ##.##
######.#######...#
#.# #.......#
#.###.###...#
#........#..#


There were no monsters in sight!

Vanquished Creatures
  Terence (D:3)
  2 adders (D:2)
  An ooze (D:1)
  2 worms (D:2)
  2 dart slugs (D:1)
  A leopard gecko (D:1)
  4 bats
  4 giant cockroaches
  8 goblins
  8 hobgoblins
  9 kobolds
  A frilled lizard (D:2)
  6 rats
49 creatures vanquished.

Notes
Turn   | Place    | Note
-------+----------+-------------------------------------------
     0 | D:1      | JeffiDaFish the Tengu Air Elementalist began the quest for the Orb.
     0 | D:1      | Reached XP level 1. HP: 10/10 MP: 4/4
   189 | D:1      | Reached XP level 2. HP: 15/15 MP: 0/6
   566 | D:1      | Reached XP level 3. HP: 19/19 MP: 3/7
   575 | D:1      | Learned a level 3 spell: Static Discharge
  1395 | D:2      | Found a deep blue altar of Sif Muna.
  1543 | D:2      | Found a bloodstained altar of Trog.
  1937 | D:2      | Reached XP level 4. HP: 14/24 MP: 0/9
  2129 | D:2      | Learned a level 4 spell: Airstrike
  2292 | D:2      | Reached skill level 5 in Air Magic
  2379 | D:3      | Noticed Terence
  2412 | D:3      | Killed Terence
  2412 | D:3      | Killed from afar by themself

Vault maps used:
D:1:      minmay_arrival_four_circles, moated_statue
D:2:      grunt_temple_overflow_open, hex_tiny
D:3:      lemuel_coloured_pillars_altar, uniq_crazy_yiuf_cottage, uniq_terence

Skill      XL: |  1  2  3  4 |
---------------+-------------+-----
Conjurations   | 2 3 |  3.2
Spellcasting   | 3 |  3.2
Air Magic      | 5 |  5.2
Dodging        | |  2.1
Stealth        | |  2.0

Action                   |  1- 3 |  4- 6 || total
-------------------------+-------+-------++-------
Melee: Short sword       |    27 |    26 ||    53
       Peck              |     7 |     4 ||    11
       Unarmed           |     2 |       ||     2
       Kick              |     6 |     7 ||    13
 Cast: Shock             |    49 |    10 ||    59
       Static Discharge  |     2 |     1 ||     3
  Use: Scroll            |     4 |     2 ||     6
       Potion            |     1 |     1 ||     2
 Stab: Sleeping          |     1 |     2 ||     3
  Eat: Chunk             |     1 |     1 ||     2
       Ration            |     1 |       ||     1
Armor: Robe              |     7 |     4 ||    11
Dodge: Dodged            |    17 |    15 ||    32

Table legend:
 A = Spawn XP
 B = Non-spawn XP
 C = Spawn XP percentage of total XP
 D = Spawn monster count
 E = Non-spawn monster count
 F = Spawn count percentage of total count
 G = Total turns spent on level
                    A         B        C        D         E        F      G
               +---------+---------+-------+---------+---------+-------+---------
         Total |       0 |     159 |   0.0 |       0 |      49 |   0.0 |  2412
               +---------+---------+-------+---------+---------+-------+---------
           D:1 |       0 |      49 |   0.0 |       0 |      23 |   0.0 |  1384
           D:2 |       0 |      64 |   0.0 |       0 |      20 |   0.0 |   930
           D:3 |       0 |      46 |   0.0 |       0 |       6 |   0.0 |    98
               +---------+---------+-------+---------+---------+-------+---------
